 Dungeon Crawl Stone Soup version 0.30.1-4-g462c640d31 (webtiles) character file.

Game seed: 1719715199179196780

1220 rvierbuc the Slasher (level 8, 0/33 (66) HPs)
             Began as a Demigod Reaver on Aug 20, 2023.
             Killed from afar by Dowan (16 damage)
             ... with a shard of ice
             ... on level 4 of the Dungeon.
             The game lasted 00:22:42 (4680 turns).

rvierbuc the Slasher (Demigod Reaver)               Turns: 4680, Time: 00:22:45

HP:   0/33 (66)     AC: 12    Str: 17    XL:     8   Next: 2%
MP:   7/14          EV: 17    Int: 15    God:
Gold: 328           SH:  0    Dex: 16    Spells: 10/11 levels left

rFire   . . .        z - +1 falchion (holy)
rCold   + . .        (no shield)
rNeg    . . .        B - +1 ring mail {rC+}
rPois   .            y - +0 helmet
rElec   .            s - scarf {shadows}
rCorr   .            F - +0 pair of gloves
SInv    .            (no boots)
Will    .....        (no amulet)
Stlth   +            q - +5 ring of evasion
HPRegen 0.25/turn    n - +4 ring of protection
MPRegen 0.14/turn

%: no passive effects
@: very slightly contaminated, extremely drained
A: high MP 1, forlorn, divine attributes
a: no special abilities


You were on level 4 of the Dungeon.
You visited 1 branch of the dungeon, and saw 5 of its levels.

You collected 328 gold pieces.

Inventory:

Hand Weapons
 a - a +0 falchion
 d - a +0 rapier
 j - a +4 dagger
 l - a +3 short sword
 m - a +2 dagger of speed
 v - a +0 falchion of holy wrath
 z - a +1 falchion of holy wrath (weapon)
Missiles
 b - 8 boomerangs (quivered)
 g - 5 poisoned darts
Armour
 k - a +0 scale mail
 s - a scarf of shadows (worn)
 y - a +0 helmet (worn)
 B - a +1 ring mail of cold resistance (worn)
 F - a +0 pair of gloves (worn)
Jewellery
 h - a ring of positive energy
 n - a +4 ring of protection (right hand)
 q - a +5 ring of evasion (left hand)
 r - a +5 ring of evasion
Wands
 D - a wand of paralysis (6)
 E - a wand of roots (7)
 G - a wand of flame (17)
Scrolls
 c - 5 scrolls of identify {unknown}
 e - a scroll of fog {unknown}
 o - 2 scrolls of teleportation {unknown}
 w - a scroll of enchant weapon {unknown}
 x - 2 scrolls of enchant armour {unknown}
 A - 3 scrolls of poison {unknown}
 C - a scroll of amnesia {unknown}
 I - a scroll of blinking {unknown}
Potions
 f - a potion of curing
 i - a potion of attraction {unknown}
 p - a potion of lignification {unknown}
 t - a potion of heal wounds {unknown}
 u - a potion of mutation {unknown}
 H - a potion of brilliance {unknown}


   Skills:
 + Level 3.9 Fighting
 + Level 6.5 Long Blades
 + Level 1.0 Throwing
 + Level 2.5 Armour
 + Level 3.5 Dodging
 + Level 1.3 Stealth
 + Level 2.2 Spellcasting
 + Level 3.3 Conjurations
 + Level 1.4 Necromancy


You had 10 spell levels left.
You knew the following spells:

 Your Spells              Type           Power      Damage    Failure   Level
a - Kiss of Death         Conj/Necr      32%        2d7       14%         1

Your spell library contained the following spells:

 Spells                   Type           Power      Damage    Failure   Level
 Momentum Strike          Conj/Tloc      12%        3d8       30%         2
 Sublimation of Blood     Necr           6%         N/A       32%         2
 Scorch                   Fire           2%         2d5       52%         2
 Hailstorm                Conj/Ice       6%         3d4       52%         3
 Call Canine Familiar     Summ           1%         N/A       75%         3
 Portal Projectile        Hex/Tloc       2%         N/A       75%         3
 Vhi's Electric Charge    Tloc/Air       2%         N/A       75%         3
 Flame Wave               Conj/Fire      6%         2d5       89%         4
 Leda's Liquefaction      Hex/Erth       0%         N/A       98%         4
 Petrify                  Tmut/Erth      1%         N/A       98%         4
 Arcjolt                  Conj/Air       3%         1d13      99%         5
 Irradiate                Conj/Tmut      3%         3d12      99%         5
 Summon Cactus Giant      Summ           0%         N/A       100%        6
 Maxwell's Capacitive Co  Air            0%         ∞         100%        8


Dungeon Overview and Level Annotations

Branches:
Dungeon (5/15)
 Temple: D:4-7

Annotations:
D:4 Dowan


Innate Abilities, Weirdness & Mutations

You have an increased reservoir of magic. (+10% MP)
You shall have no god before yourself.
Your divine heritage dramatically boosts your attributes as you level up.


Message History

Confirm with . or Enter, or press ? or * to list all spells.
Aiming: Kiss of Death (safe; 14% risk of failure)
Press: ? - help, Shift-Dir - straight line, f/p - Dowan
Aim: Dowan, wielding a +0 dagger and wearing a +1 robe of positive energy (moderately wounded, fast, heavily drained, 100% to hit)
The negative energy hits Dowan.
Dowan resists.
Dowan is drained!
Dowan is heavily wounded.
You feel drained. Dowan barely misses you. The orc hits you but does no damage.
Dowan misses you.
Casting: Kiss of Death (safe; 14% risk of failure)
Confirm with . or Enter, or press ? or * to list all spells.
Aiming: Kiss of Death (safe; 14% risk of failure)
Press: ? - help, Shift-Dir - straight line, f/p - Dowan
Aim: Dowan, wielding a +0 dagger and wearing a +1 robe of positive energy (heavily wounded, fast, heavily drained, 100% to hit)
You miscast Kiss of Death.
You are very lightly contaminated with residual magic.
Nothing appears to happen.
Dowan hits you but does no damage. The orc hits you with a +0 hand axe.
Casting: Kiss of Death (safe; 14% risk of failure)
Confirm with . or Enter, or press ? or * to list all spells.
Aiming: Kiss of Death (safe; 14% risk of failure)
Press: ? - help, Shift-Dir - straight line, f/p - Dowan
Aim: Dowan, wielding a +0 dagger and wearing a +1 robe of positive energy (heavily wounded, fast, heavily drained, 100% to hit)
You miscast Kiss of Death.
Nothing appears to happen.
Dowan barely misses you. The orc closely misses you.
Dowan completely misses you.
Casting: Kiss of Death (safe; 14% risk of failure)
Confirm with . or Enter, or press ? or * to list all spells.
Aiming: Kiss of Death (safe; 14% risk of failure)
Press: ? - help, Shift-Dir - straight line, f/p - Dowan
Aim: Dowan, wielding a +0 dagger and wearing a +1 robe of positive energy (heavily wounded, fast, heavily drained, 100% to hit)
The negative energy hits Dowan.
Dowan resists.
Dowan is drained!
Dowan is almost dead.
You feel drained. Dowan hits you with a +0 dagger.
The orc hits you but does no damage. The orc barely misses you.
You closely miss Dowan.
Dowan is almost dead.
Dowan completely misses you. The orc closely misses you. The orc misses you.
The orc closely misses you. Dowan gestures at you while chanting.
The shard of ice hits you! You partially resist.
You die...

...###..♣..#+##.. ........##.#.#
...# ##.........# .#.###.###.#.#
...# #.#......##.......###.#.#
...### #.#......#..........#.#.#
.....# #.#......#.##.##..#.#.#.#
.....###.#....#.#.##.##..#.#.#.#
.....'.........................#
###..###.#)#................####
..8#.# #.#......@e...#......#
...#.. ..###...ooo##.#.#....#
...#.###'# #......# #.#....#####
#. #.. ... #..##..#
.#........... . +.. ...
#..##...#......)######
...........#.##..#
.................#
#.......#.#.##..# #...^.....#
#..#


You could see Dowan (fast, very drained) and 3 orcs.

Vanquished Creatures
  Grinder (D:5)
  An ice beast (D:5)
  2 ogres (D:5)
  Duvessa (D:4)
  A black bear (D:5)
  2 phantoms
  2 scorpions
  A hound (D:4)
  A jelly (D:4)
  2 orc priests (D:3)
  2 sleepcaps (D:5)
  2 orc wizards
  An adder (D:3)
  3 worms (D:2)
  2 dart slugs
  8 orcs
  7 endoplasms
  2 giant cockroaches
  2 hobgoblins
  5 kobolds
  6 quokkas
  9 ball pythons
  6 bats
  2 frilled lizards
  10 goblins
  5 rats
86 creatures vanquished.

Notes
Turn   | Place    | Note
-------+----------+-------------------------------------------
     0 | D:1      | rvierbuc the Demigod Reaver began the quest for the Orb.
     0 | D:1      | Reached XP level 1. HP: 17/17 MP: 5/5
   194 | D:1      | Reached XP level 2. HP: 15/22 MP: 7/7
   294 | D:1      | Reached skill level 3 in Long Blades
   592 | D:1      | You fall into a shaft and drop 1 floor!
  1352 | D:2      | Reached XP level 3. HP: 26/28 MP: 8/8
  2175 | D:3      | Reached skill level 1 in Armour
  2175 | D:3      | Reached XP level 4. HP: 10/34 MP: 9/9
  2510 | D:3      | Reached skill level 4 in Long Blades
  2571 | D:3      | Reached XP level 5. HP: 36/36 MP: 10/10
  3494 | D:4      | Noticed Dowan
  3497 | D:4      | Noticed Duvessa
  3514 | D:5      | Entered Level 5 of the Dungeon
  3525 | D:5      | Reached skill level 5 in Long Blades
  3525 | D:5      | Reached skill level 1 in Necromancy
  3525 | D:5      | Reached XP level 6. HP: 14/48 MP: 11/11
  4082 | D:5      | Reached skill level 1 in Stealth
  4082 | D:5      | Reached XP level 7. HP: 43/50 MP: 11/13
  4160 | D:5      | Noticed Grinder
  4173 | D:5      | Paralysed by Grinder for 4 turns
  4184 | D:5      | Killed Grinder
  4185 | D:5      | Reached skill level 6 in Long Blades
  4237 | D:5      | Reached skill level 1 in Throwing
  4674 | D:4      | Killed Duvessa
  4675 | D:4      | Reached XP level 8. HP: 20/62 MP: 12/14
  4680 | D:4      | Killed from afar by Dowan

Illustrated notes

Levels and vault maps discovered:
D:1:      eino_arrival_tree_alley, layout_rooms,
          dreamdust_ecumenical_altar_hidden_monk_grotto,
          amcnicky_mini_pool_small, serial_bayou_lake_a
D:2:      layout_basic
D:3:      layout_basic, grunt_gozag_breadcrumbs, kennysheep_generic_room_6
D:4:      layout_basic, lemuel_doored_altar, grunt_ministairs_9, minivault_1,
          uniq_duvessa
D:5:      layout_basic, lemuel_crystal_altar, uniq_grinder

Skill      XL: |  1  2  3  4  5  6  7 |
---------------+----------------------+-----
Dodging        | 2 3 |  3.5
Long Blades    | 3 4 5 6 |  6.5
Fighting       | 2 3 |  3.9
Conjurations   | 3 |  3.3
Armour         | 1 2 |  2.5
Spellcasting   | 2 |  2.2
Necromancy     | 1 |  1.4
Stealth        | 1 |  1.3
Throwing       | 1 |  1.0

Action                     |  1- 3 |  4- 6 |  7- 9 || total
---------------------------+-------+-------+-------++-------
  Melee: Falchion          |   209 |   125 |    67 ||   401
         Punch             |     3 |     2 |     1 ||     6
  Throw: Boomerang         |       |     5 |     3 ||     8
   Cast: Kiss of Death     |     2 |     6 |     4 ||    12
    Use: Potion            |       |     1 |       ||     1
   Stab: Sleeping          |     1 |       |       ||     1
         Distracted        |       |       |     2 ||     2
 Armour: Leather armour    |    34 |       |       ||    34
         Scale mail        |     5 |    32 |       ||    37
         Ring mail         |       |    21 |    17 ||    38
  Dodge: Dodged            |    98 |    77 |    58 ||   233
